 Dungeon Crawl Stone Soup version 0.20.1-1-g8b1a95d66d (webtiles) character file.

10151 NullDivider the Covert (level 11, -8/75 HPs)
             Began as an Octopode Artificer on Nov 22, 2017.
             Was a Priest of Nemelex Xobeh.
             Mangled by a two-headed ogre
             ... wielding a +0 giant club
              (9 damage)
             ... on level 11 of the Dungeon.
             The game lasted 01:37:39 (19802 turns).

NullDivider the Covert (Octopode Artificer)        Turns: 19802, Time: 01:37:39

Health: -8/75      AC:  1    Str:  7    XL:     11   Next: 57%
Magic:  17/17      EV: 20    Int: 13    God:    Nemelex Xobeh [***...]
Gold:   589        SH:  0    Dex: 22    Spells: 10/10 levels left

rFire    . . .     SeeInvis +   O - +2 short sword (venom)
rCold    + + .     Gourm    +   (no shield)
rNeg     . . .     Faith    .   (helmet restricted)
rPois    .         Spirit   .   q - amulet "Zizosoc" {Gourm +Blink MR+++ Str-5 Dex+4}
rElec    .         Reflect  .   p - ring of protection from magic
rCorr    .         Harm     .   t - ring of protection from cold
MR       ++++.                  D - ring of see invisible
Stlth    ++++++....             (no ring)
Regen    0.3/turn               (no ring)
MPRegen  0.2/turn               (no ring)
                                (no ring)
                                (no ring)

@: no status effects
A: almost no armour, stealthy swim, amphibious, 8 rings, constrict 8, camouflage
1, agile 1, cold resistance 1, wild magic 1, gelatinous body 1
a: Triple Draw, Renounce Religion, Evoke Blink


You were on level 11 of the Dungeon.
You worshipped Nemelex Xobeh.
Nemelex Xobeh was most pleased with you.
You were very full.

You visited 2 branches of the dungeon, and saw 12 of its levels.

You collected 589 gold pieces.

Inventory:

Hand Weapons
 i - a +0 dagger of pain
 O - a +2 short sword of venom (weapon)
Magical Staves
 N - an uncursed staff of cold
Jewellery
 p - a ring of protection from magic (left tentacle)
 q - the amulet "Zizosoc" (around mantle) {Gourm +Blink MR+++ Str-5 Dex+4}
   (You found it on level 6 of the Dungeon)

   [amulet of the gourmand]

   It allows you to eat raw meat even when not hungry.
   It affects your strength (-5).
   It affects your dexterity (+4).
   It affects your resistance to hostile enchantments.
   It lets you blink.
 t - a ring of protection from cold (right tentacle)
 D - a ring of see invisible (on tentacle)
Wands
 b - a wand of flame (0/48)
 c - a wand of enslavement (9/24)
 d - a wand of random effects (0/48)
 F - a wand of paralysis (17/24)
Scrolls
 e - 6 scrolls of remove curse
 g - 3 scrolls of blinking
 h - 2 scrolls of identify
 j - 2 scrolls of enchant weapon
 o - 2 scrolls of amnesia
 s - 2 scrolls of teleportation
 w - 2 scrolls of magic mapping
 x - 3 scrolls of fear
 J - a scroll of recharging
 L - a scroll of enchant armour
Potions
 k - 5 potions of flight
 n - a potion of agility {unknown}
 r - a potion of haste
 u - a potion of mutation
 v - 4 potions of curing
 A - a potion of ambrosia {unknown}
 B - 3 potions of resistance
 C - a potion of might
 I - a potion of cancellation {unknown}
 M - a potion of lignification
Books
 a - the Almanac of Sinister Heat
   (You found it on level 11 of the Dungeon)

   Spells                             Type                      Level
   a - Corpse Rot                     Necromancy                   2
   b - Sublimation of Blood           Necromancy                   2
   c - Excruciating Wounds            Charms/Necromancy            5
   d - Bolt of Magma                  Conjuration/Fire/Earth       5
 y - a book of Maledictions

   Spells                             Type                      Level
   a - Corona                         Hexes                        1
   b - Ensorcelled Hibernation        Hexes/Ice                    2
   c - Confuse                        Hexes                        3
   d - Tukima's Dance                 Hexes                        3
   e - Dazzling Spray                 Conjuration/Hexes            3
Miscellaneous
 z - a plain deck of escape
 H - a plain deck of destruction {drawn: 9}
 K - an ornate deck of summoning {drawn: 2}
Comestibles
 f - 8 bread rations
 l - 9 meat rations
 m - 6 royal jellies
 E - 6 fruits
 G - 8 chunks of flesh


   Skills:
 + Level 7.2 Fighting
 + Level 7.6 Short Blades
 + Level 7.5 Dodging
 + Level 12.0 Stealth
 - Level 6.0 Invocations
 + Level 8.8 Evocations


You had 10 spell levels left.
You didn't know any spells.

Dungeon Overview and Level Annotations

Branches:
Dungeon (11/15)            Temple (1/1) D:6            Lair (0/6) D:8
    Orc (0/2) D:11

Altars:
Ashenzari
Cheibriados
Dithmenos
Elyvilon
Fedhas
Gozag
Hepliaklqana
Kikubaaqudgha
Makhleb
Nemelex Xobeh
Okawaru
Qazlal
Ru
Sif Muna
Trog
Uskayaw
Vehumet
Xom
Yredelemnul
Zin
The Shining One

Shops:
D:6 *


Innate Abilities, Weirdness & Mutations

You cannot wear most types of armour.
You are very stealthy in the water. (Stealth+)
You are amphibious.
You can wear up to eight rings at the same time.
You can use your tentacles to constrict eight enemies at once.
Your skin changes colour to match your surroundings (Stealth+).
Your rubbery body absorbs attacks. (AC +1, EV +1)
You are agile. (Dex +2)
Your flesh is cold resistant. (rC+)
Your spells are a little harder to cast, but a little more powerful.


Message History

The two-headed ogre is heavily wounded.
You feel sick.
Your centaur barely misses the two-headed ogre.
You barely miss the cyclops. You squeeze the cyclops.
The cyclops is lightly wounded.
Your centaur hits the two-headed ogre. The two-headed ogre closely misses you.
The two-headed ogre barely misses you.
You hit the cyclops.
The cyclops is poisoned.
The cyclops is lightly wounded.
Your centaur hits the two-headed ogre but does no damage.
The cyclops hits you!!
* * * LOW HITPOINT WARNING * * *
Your centaur hits the cyclops! Your centaur hits the cyclops.
You see here an arrow.
You feel better.
The two-headed ogre hits you with a giant club!
* * * LOW HITPOINT WARNING * * *
The two-headed ogre hits you with a giant club!
You die...
Your body disappears without a glow.

#. #.##### #.
... ... # ...
C# #..#
###########..#
#......)c##(.#
#.....#OC(..#
..#@#.)..#
#...#.....#
#...##.......#
#. #.......#
##...#..#
#...#..#
#####..# #..#
#####..#


You could see a two-headed ogre, a cyclops and a friendly centaur.

Vanquished Creatures
  A two-headed ogre (D:8)
  An orc knight (D:11)
  An ugly thing (D:10)
  A centaur zombie (D:11)
  A komodo dragon (D:8)
  2 wyverns
  9 yaks
  A basilisk (D:11)
  A hog (D:7)
  A human (D:7)
  A hungry ghost (D:8)
  A water moccasin (D:6)
  A porcupine (D:8)
  3 sky beasts
  A phantom (D:4)
  3 ice beasts
  A necrophage (D:4)
  3 black bears
  3 ogres
  8 centaurs
  2 crocodiles
  4 big kobolds
  6 bullfrogs
  2 scorpions
  4 wights (D:7)
  6 crimson imps
  A howler monkey (D:8)
  A quasit (D:7)
  4 bullfrog zombies
  2 hounds
  A jelly (D:6)
  8 orc wizards
  A centaur skeleton (D:9)
  4 orc priests
  6 iguanas
  7 worker ants
  A hound zombie (D:6)
  A hound skeleton (D:4)
  2 howler monkey zombies
  2 worker ant zombies
  3 gnolls (D:7)
  15 adders
  2 shadow imps
  3 oozes
  An adder zombie (D:1)
  2 worms
  A dart slug (D:2)
  A leopard gecko (D:4)
  27 orcs
  3 giant cockroaches
  7 goblins
  6 hobgoblins
  14 jackals
  9 quokkas
  4 ball pythons
  A ball python skeleton (D:4)
  7 bats
  6 frilled lizards
  27 kobolds
  A leopard gecko zombie (D:1)
  A quokka skeleton (D:4)
  6 rats
256 creatures vanquished.

Vanquished Creatures (collateral kills)
  Fannar (D:10)
  The ghost of Gargoyl the Chopper, a novice CeAK of Lugonu (D:7)
  A gargoyle (D:11)
  3 hogs (D:7)
  Edmund (D:6)
  An orc warrior (D:10)
  A phantom (D:7)
  A bullfrog (D:10)
  2 wights (D:7)
  A jelly (D:8)
  A crimson imp (D:7)
  A centaur zombie (D:11)
  An orc (D:10)
16 creatures vanquished.

Vanquished Creatures (others)
  A yak (D:9)
  A fire vortex (D:9)
  5 fungi (D:8)
7 creatures vanquished.

Grand Total: 279 creatures vanquished

Notes
Turn   | Place    | Note
-------+----------+-------------------------------------------
     0 | D:1      | NullDivider the Octopode Artificer began the quest for the Orb.
     0 | D:1      | Reached XP level 1. HP: 13/13 MP: 3/3
   267 | D:1      | Reached XP level 2. HP: 10/18 MP: 4/4
   943 | D:1      | Reached XP level 3. HP: 13/23 MP: 5/5
   945 | D:1      | Reached skill level 2 in Stealth
  2267 | D:2      | Reached XP level 4. HP: 25/29 MP: 6/6
  2684 | D:2      | Found a faded altar of an unknown god.
  3161 | D:3      | Reached skill level 3 in Stealth
  3439 | D:3      | Found a shattered altar of Ashenzari.
  3465 | D:3      | Reached XP level 5. HP: 28/34 MP: 8/8
  4741 | D:4      | Reached skill level 4 in Stealth
  4748 | D:4      | Reached XP level 6. HP: 33/41 MP: 9/9
  5254 | D:5      | Entered Level 5 of the Dungeon
  5553 | D:5      | Reached skill level 5 in Stealth
  5562 | D:5      | Noticed a necrophage
  5634 | D:5      | Noticed a phantom
  5654 | D:4      | Killed a necrophage
  5654 | D:4      | Reached XP level 7. HP: 33/44 MP: 10/10
  5790 | D:4      | Reached skill level 5 in Evocations
  6095 | D:5      | Reached skill level 6 in Stealth
  7048 | D:5      | HP: 2/44 [centaur (7)]
  7054 | D:5      | Gained mutation: You are agile. (Dex +2) [potion of mutation]
  7054 | D:5      | Gained mutation: Your flesh is cold resistant. (rC+) [potion of mutation]
  7054 | D:5      | Gained mutation: Your spells are a little harder to cast, but a little more powerful. [potion of mutation]
  7063 | D:5      | Reached XP level 8. HP: 16/54 MP: 11/11
  7693 | D:5      | Reached skill level 7 in Stealth
  8164 | D:6      | Found a staircase to the Ecumenical Temple.
  8177 | Temple   | Entered the Ecumenical Temple
  8273 | Temple   | Became a worshipper of Nemelex Xobeh the Trickster
  8324 | Temple   | Received a gift from Nemelex Xobeh
  8444 | D:6      | Found an opulent altar of Gozag.
  8447 | D:6      | Found a shadowy altar of Dithmenos.
  8450 | D:6      | Found a snail-covered altar of Cheibriados.
  8580 | D:6      | Got a fine graven amulet
  8661 | D:6      | Found Ughuhod's Serpentskin Sales.
  8870 | D:6      | Noticed Edmund
  8894 | D:6      | Killed Edmund
  8894 | D:6      | Reached skill level 8 in Stealth
  8968 | D:6      | Found a shimmering altar of Xom.
  9086 | D:6      | Identified the amulet "Zizosoc" {Gourm +Blink MR+++ Str-5 Dex+4} (You found it on level 6 of the Dungeon)
  9373 | D:7      | Reached * piety under Nemelex Xobeh
  9693 | D:7      | Reached skill level 9 in Stealth
  9728 | D:7      | Reached XP level 9. HP: 47/59 MP: 13/13
 10034 | D:7      | Received a gift from Nemelex Xobeh
 10263 | D:7      | Noticed Gargoyl's ghost (novice CeAK)
 10290 | D:7      | Killed Gargoyl's ghost
 10290 | D:7      | Reached skill level 5 in Fighting
 10290 | D:7      | Reached skill level 5 in Short Blades
 10290 | D:7      | Reached skill level 10 in Stealth
 10299 | D:7      | Reached skill level 5 in Dodging
 10645 | D:7      | Reached skill level 1 in Invocations
 11291 | D:8      | Noticed a komodo dragon
 11298 | D:8      | Killed a komodo dragon
 11605 | D:7      | Reached XP level 10. HP: 57/66 MP: 15/15
 13711 | D:8      | Found a shadowy altar of Dithmenos.
 13743 | D:8      | Noticed a two-headed ogre
 13759 | D:8      | Killed a two-headed ogre
 13795 | D:8      | Received a gift from Nemelex Xobeh
 13853 | D:8      | Reached ** piety under Nemelex Xobeh
 14428 | D:8      | Found a staircase to the Lair.
 15059 | D:9      | Reached skill level 11 in Stealth
 15452 | D:9      | Received a gift from Nemelex Xobeh
 15853 | D:9      | Reached skill level 5 in Invocations
 16326 | D:10     | Entered Level 10 of the Dungeon
 16329 | D:10     | Received a gift from Nemelex Xobeh
 16519 | D:10     | Noticed a brown ugly thing
 16524 | D:10     | Killed a brown ugly thing
 16524 | D:10     | Reached XP level 11. HP: 74/74 MP: 17/17
 17990 | D:11     | Found a staircase to the Orcish Mines.
 18299 | D:11     | Noticed Fannar
 18646 | D:10     | Killed Fannar
 18796 | D:11     | Reached *** piety under Nemelex Xobeh
 19289 | D:11     | Noticed an orc knight
 19360 | D:11     | Killed an orc knight
 19533 | D:11     | Identified the Almanac of Sinister Heat
 19783 | D:11     | Noticed a cyclops
 19787 | D:11     | Reached skill level 12 in Stealth
 19795 | D:11     | Noticed a two-headed ogre
 19800 | D:11     | HP: 2/75 [cyclops (34)]
 19802 | D:11     | Mangled by a two-headed ogre

Skill      XL: |  1  2  3  4  5  6  7  8  9 10 11 |
---------------+----------------------------------+-----
Stealth        | 2 3 4 5 6 9 10 11 12 | 12.0
Evocations     | 4 5 6 7 8 |  8.8
Short Blades   | 2 3 4 5 6 7 |  7.6
Fighting       | 2 3 4 5 6 7 |  7.2
Dodging        | 3 4 5 7 |  7.5
Invocations    | 2 5 6 |  6.0

Action                   |  1- 3 |  4- 6 |  7- 9 | 10-12 || total
-------------------------+-------+-------+-------+-------++-------
Melee: Short sword       |    23 |       |       |   168 ||   191
       Constrict         |    26 |    23 |    46 |    64 ||   159
       Tentacles         |    18 |    20 |    93 |   178 ||   309
       Dagger            |    79 |   101 |   303 |   417 ||   900
 Abil: Evoke Blink       |       |       |     1 |    16 ||    17
Evoke: Wand              |       |     2 |    23 |    11 ||    36
       Deck              |       |       |     8 |    15 ||    23
  Use: Scroll            |       |     1 |     8 |     3 ||    12
       Potion            |       |       |     8 |     1 ||     9
 Stab: Sleeping          |     3 |    17 |    15 |    19 ||    54
       Distracted        |     1 |       |       |     1 ||     2
       Invisible         |       |       |     1 |       ||     1
       Petrifying        |       |       |     1 |       ||     1
       Paralysed         |       |       |     1 |       ||     1
  Eat: Chunk             |     4 |    10 |    25 |    36 ||    75
       Royal jelly       |       |       |     2 |       ||     2
Armor: Skin              |     6 |     4 |    13 |    13 ||    36
Dodge: Dodged            |    54 |    49 |   143 |   367 ||   613
